 Dungeon Crawl Stone Soup version 0.21.1-1-g345015f (webtiles) character file.

86034 poirepourri the Severer (level 15, -21/134 HPs)
             Began as a Minotaur Fighter on July 23, 2018.
             Was the Champion of Makhleb.
             Killed from afar by a thorn hunter (35 damage)
             ... with a volley of thorns
             ... on level 2 of the Swamp.
             The game lasted 00:34:43 (26417 turns).

poirepourri the Severer (Minotaur Fighter)         Turns: 26417, Time: 00:34:45

Health: -21/134    AC: 12    Str: 21 (22) XL:     15   Next: 39%
Magic:  21/21      EV: 18    Int:  0 (5)  God:    Makhleb [******]
Gold:   846        SH: 16    Dex: 26      Spells: 14/14 levels left

rFire    + . .     SeeInvis .   P - +1 broad axe (flame)
rCold    + . .     Gourm    +   c - +1 shield
rNeg     . . .     Faith    .   y - +2 ring mail of Blue Skies {Str+2 Dex+4}
rPois    +         Spirit   .   (helmet restricted)
rElec    .         Reflect  .   L - scarf {rC+ rF+}
rCorr    .         Harm     .   (no gloves)
MR       +....                  o - +2 pair of boots
Stlth    +.........             n - amulet of the gourmand
HPRegen  0.32/turn              K - ring of poison resistance
MPRegen  0.17/turn              S - +5 ring of dexterity

@: slowed, lost intelligence, very slow
A: retaliatory headbutt, horns 2, deterioration 1
a: Minor Destruction, Lesser Servant of Makhleb, Major Destruction, Greater
Servant of Makhleb, Renounce Religion


You were on level 2 of the Swamp.
You worshipped Makhleb.
Makhleb was exalted by your worship.
You were full.

You visited 5 branches of the dungeon, and saw 24 of its levels.
You also visited: Ice Cave.

You collected 2336 gold pieces.
You spent 1490 gold pieces at shops.

Inventory:

Hand Weapons
 a - a +3 broad axe of electrocution
 b - a +0 morningstar of flaming
 P - a +1 broad axe of flaming (weapon)
Missiles
 d - 71 tomahawks
 l - 10 javelins
 m - 180 bolts
 C - 12 steel tomahawks (quivered)
Armour
 c - a +1 shield (worn)
 o - a +2 pair of boots (worn)
 y - the +2 ring mail of Blue Skies (worn) {Str+2 Dex+4}
   (You found it on level 9 of the Dungeon)

   It affects your strength (+2).
   It affects your dexterity (+4).
 L - a scarf of resistance (worn)
Jewellery
 e - an uncursed ring of positive energy
 n - an amulet of the gourmand (around neck)
 p - an uncursed ring of teleportation
 x - an uncursed ring of protection from cold
 B - an uncursed ring of ice
 D - the ring of Uskayaw's Pride {rElec Slay+1}
   (You found it on level 10 of the Dungeon)

   [ring of slaying]

   It affects your accuracy and damage with ranged weapons and melee attacks
   (+1).
   It insulates you from electricity.
 H - an uncursed ring of protection from fire
 I - an uncursed ring of resist corrosion
 K - a ring of poison resistance (left hand)
 R - an uncursed ring of positive energy
 S - a +5 ring of dexterity (right hand)
 V - an uncursed ring of protection from magic
Wands
 i - a wand of flame (52)
 q - a wand of scattershot (2)
 r - a wand of random effects (21)
 w - a wand of polymorph (51)
 z - a wand of acid (5)
 G - a wand of paralysis (6)
 J - a wand of disintegration (3)
 M - a wand of enslavement (12)
 W - a wand of iceblast (7)
 X - a wand of digging (15)
Scrolls
 h - 5 scrolls of teleportation
 k - 4 scrolls of magic mapping
 t - 3 scrolls of fog
 v - 7 scrolls of remove curse
 F - 2 scrolls of fear
Potions
 g - 4 potions of cancellation
 j - 4 potions of resistance
 s - 3 potions of magic
 E - 4 potions of lignification
 O - a potion of ambrosia
 Q - a potion of might
Books
 T - a book of Conjurations

   Spells                             Type                      Level
   a - Magic Dart                     Conjuration                  1
   b - Searing Ray                    Conjuration                  2
   c - Dazzling Spray                 Conjuration/Hexes            3
   d - Fulminant Prism                Conjuration/Hexes            4
   e - Force Lance                    Conjuration/Translocation    4
   f - Iskenderun's Mystic Blast      Conjuration                  4
 U - a book of Minor Magic

   Spells                             Type                      Level
   a - Magic Dart                     Conjuration                  1
   b - Blink                          Translocation                2
   c - Call Imp                       Summoning                    2
   d - Slow                           Hexes                        2
   e - Conjure Flame                  Conjuration/Fire             3
   f - Mephitic Cloud                 Conjuration/Poison/Air       3
Comestibles
 f - 11 rations


   Skills:
 + Level 12.7 Fighting
 - Level 18.2 Axes
 - Level 8.3 Armour
 + Level 7.7 Dodging
 - Level 15.0 Shields
 - Level 10.5 Invocations
 - Level 7.0 Evocations


You had 14 spell levels left.
You didn't know any spells.

Dungeon Overview and Level Annotations

Branches:
Dungeon (12/15)            Temple (1/1) D:5            Lair (6/6) D:11
  Swamp (3/4) Lair:2        Snake (0/4) Lair:3        Slime (0/5) Lair:6
    Orc (2/2) D:9             Elf (0/3) Orc:2

Altars:
Ashenzari
Cheibriados
Dithmenos
Elyvilon
Fedhas
Gozag
Hepliaklqana
Kikubaaqudgha
Makhleb
Nemelex Xobeh
Okawaru
Qazlal
Ru
Sif Muna
Trog
Uskayaw
Vehumet
Wu Jian
Xom
Yredelemnul
Zin
The Shining One
Beogh
Jiyva

Shops:
D:9 [:!*   D:10 *   Orc:2 [*(=

Annotations:
D:5 Pad's ghost, amateur DsNe
D:7 sipior's ghost, novice MiBe


Innate Abilities, Weirdness & Mutations

You reflexively headbutt those who attack you in melee.
You have a pair of horns on your head.
Your body sometimes deteriorates upon taking damage.


Message History

You hit the briar patch but do no damage.
You hit the briar patch. You burn the briar patch.
You are struck by the briar patch's thorns.
* * * LOW HITPOINT WARNING * * *
You slash the briar patch! You burn the briar patch.
You destroy the briar patch!
You block the thorn hunter's attack. x2
You feel better.
The thorn hunter fires a volley of thorns at you.
You block the volley of thorns. You block the thorn hunter's attack.
The thorn hunter completely misses you.
Unknown command.
You hit the thorn hunter. You burn the thorn hunter.
The thorn hunter is moderately damaged.
You hit the briar patch but do no damage.
You hit the briar patch. You burn the briar patch.
You destroy the briar patch!
The thorn hunter fires a volley of thorns at you.
The volley of thorns hits you!
You die...

.♣♣♣♣.≈≈≈≈≈≈≈≈≈≈..≈###.[###♣♣..♣♣
..♣ ♣.≈.≈≈≈..≈.≈≈♣≈#≈.)[)÷##≈≈..♣
..♣ ♣..≈≈.≈≈≈≈≈≈≈≈#####§§≈.##≈♣..
♣.♣ ♣♣.≈≈≈≈.≈♣>..♣#§#§§§..÷.#♣♣♣♣
≈.♣♣ ♣..≈≈♣♣≈.≈..≈#÷###§§§..##
...♣ ♣♣.≈≈♣♣♣.≈.♣♣#...≈§§§..≈#
...♣ ♣.≈≈.♣ ♣♣≈≈♣#÷.....≈...##
...♣♣♣.≈≈.♣♣♣≈..♣###.≈......≈#
..≈.♣♣.≈≈.♣♣PPP≈@≈♣###.≈...÷##
....♣♣.♣≈.♣.PPPfP≈♣♣ ##...###
...≈♣......≈.≈..PP.♣♣ ##)##♣
.≈.≈..≈.♣≈.≈.≈≈.♣P≈≈♣ ♣#.#≈♣
.≈.PP≈≈.≈≈....≈..P≈.♣♣♣÷.÷≈♣
...PP...≈♣..♣♣.≈≈.≈.≈♣♣...≈♣
...♣P.≈≈§..♣♣♣♣≈≈?≈♣..♣...♣♣
.≈≈PP.≈..♣♣♣ ♣♣§.≈≈≈§.♣.♣♣
...PP≈≈.♣♣ ♣♣..≈≈.....♣♣


You could see a thorn hunter.

Vanquished Creatures
  A thorn hunter (Swamp:3)
  An orc warlord (Orc:1)
  A fire dragon (Lair:6)
  10 hydras
  Josephine (Orc:2)
  Harold (D:11)
  3 catoblepae (Lair:5)
  4 two-headed ogres
  7 alligators
  A death yak (Lair:5)
  3 orc high priests (Orc:2)
  An unseen horror (D:12)
  A lindwurm (Lair:6)
  A wizard (Swamp:2)
  4 orc knights (Orc:2)
  A shambling mangrove (Swamp:3)
  A swamp dragon (Swamp:1)
  A moth of wrath (shapeshifter) (D:12)
  3 orc sorcerers
  A manticore (D:12)
  4 ugly things
  2 cyclopes
  2 centaur zombies (D:11)
  7 black mambas
  Psyche (D:11)
  2 ice statues (IceCv)
  2 torpor snails
  3 molten gargoyles (Lair:6)
  12 spiny frogs
  7 ice devils (IceCv)
  4 rime drakes
  10 komodo dragons
  3 trolls
  3 tyrant leeches
  A bog body (Swamp:2)
  6 hornets
  7 dream sheep
  16 blink frogs
  11 slime creatures
  14 hippogriffs
  A shadow (D:11)
  5 spriggans
  4 wraiths (Orc:2)
  29 yaks
  12 wyverns
  10 basilisks
  12 vampire mosquitoes
  5 wargs
  A naga (Lair:3)
  11 swamp worms
  10 insubstantial wisps
  12 water moccasins
  5 hell hounds (Lair:6)
  12 porcupines
  6 ice beasts
  3 sky beasts
  A hornet zombie (D:8)
  4 swamp drakes
  33 orc warriors
  A black bear (D:12)
  8 ogres
  5 phantoms
  A necrophage (D:8)
  9 wolves
  13 crocodiles
  6 centaurs
  4 big kobolds
  9 bullfrogs
  A gnoll sergeant (D:11)
  3 scorpions
  3 killer bees (D:10)
  5 wights (D:8)
  2 howler monkeys (D:6)
  5 lava snakes (Lair:6)
  4 crimson imps
  4 bullfrog zombies
  4 hounds
  8 orc priests
  A bullfrog skeleton (D:4)
  3 jellies
  6 centaur skeletons
  23 orc wizards
  5 iguanas
  Natasha (twice) (D:4)
  8 hell rats
  7 worker ants
  2 hound skeletons
  8 gnolls
  10 adders
  2 shadow imps
  8 white imps (IceCv)
  7 ufetubi (IceCv)
  3 worms
  3 dart slugs
  3 leopard geckos
  66 orcs
  3 ball pythons
  6 giant cockroaches
  4 goblins
  4 hobgoblins (D:1)
  5 jackals
  27 kobolds
  4 quokkas
  7 bats
  6 frilled lizards
  A leopard gecko skeleton (D:7)
  A quokka zombie (D:7)
  9 rats
  7 briar patches
  3 fungi
  A plant (Lair:6)
690 creatures vanquished.

Vanquished Creatures (collateral kills)
  A slime creature (Swamp:1)
  A swamp drake (Swamp:1)
2 creatures vanquished.

Vanquished Creatures (others)
  A rime drake (Lair:5)
  A white imp (IceCv)
  An ufetubus (IceCv)
  7 briar patches
  11 fungi
  3 plants (Lair:5)
24 creatures vanquished.

Grand Total: 716 creatures vanquished

Notes
Turn   | Place    | Note
-------+----------+-------------------------------------------
     0 | D:1      | poirepourri the Minotaur Fighter began the quest for the Orb.
     0 | D:1      | Reached XP level 1. HP: 19/19 MP: 0/0
   464 | D:1      | Reached skill level 3 in Axes
   524 | D:1      | Reached XP level 2. HP: 22/26 MP: 1/1
   909 | D:2      | Reached skill level 4 in Axes
  1114 | D:2      | Found an iron altar of Okawaru.
  1137 | D:2      | Found a snail-covered altar of Cheibriados.
  1223 | D:2      | Reached XP level 3. HP: 31/31 MP: 2/2
  1633 | D:2      | Reached skill level 5 in Axes
  1712 | D:2      | Noticed a hand axe
  1713 | D:2      | Noticed a hand axe
  1714 | D:2      | Found a hide-covered altar of Uskayaw.
  1744 | D:2      | Reached XP level 4. HP: 39/39 MP: 3/3
  2111 | D:3      | Found a glowing golden altar of the Shining One.
  2161 | D:3      | Found a hazy altar of Hepliaklqana.
  2234 | D:3      | Reached skill level 6 in Axes
  2242 | D:3      | Reached XP level 5. HP: 25/45 MP: 4/4
  2622 | D:3      | Found a burning altar of Makhleb.
  2622 | D:3      | Noticed a green death
  2625 | D:3      | Noticed a smoke demon
  2625 | D:3      | Noticed an orange demon
  2627 | D:3      | Became a worshipper of Makhleb the Destroyer
  2673 | D:4      | Reached skill level 7 in Axes
  2721 | D:4      | Found an ornate altar of the Wu Jian Council.
  2985 | D:4      | Reached XP level 6. HP: 51/51 MP: 5/5
  3102 | D:4      | Noticed Natasha
  3109 | D:4      | Killed Natasha
  3109 | D:4      | Reached skill level 8 in Axes
  3164 | D:4      | Noticed Natasha
  3174 | D:4      | Killed Natasha
  3208 | D:4      | Reached skill level 5 in Fighting
  3444 | D:5      | Entered Level 5 of the Dungeon
  3447 | D:5      | Found a shadowy altar of Dithmenos.
  3506 | D:5      | Noticed Pad's ghost (amateur DsNe)
  3948 | D:5      | Noticed a sky beast
  3954 | D:5      | Killed a sky beast
  3954 | D:5      | Reached skill level 5 in Shields
  3954 | D:5      | Reached XP level 7. HP: 53/61 MP: 6/6
  4169 | D:5      | Found a staircase to the Ecumenical Temple.
  4459 | Temple   | Entered the Ecumenical Temple
  4840 | D:6      | Reached * piety under Makhleb
  5351 | D:6      | Reached XP level 8. HP: 55/68 MP: 7/7
  5588 | D:6      | Found a stormy altar of Qazlal.
  5831 | D:7      | Reached skill level 10 in Shields
  5854 | D:7      | Noticed sipior's ghost (novice MiBe)
  5877 | D:7      | HP: 1/68 [sipior's ghost (15)]
  6667 | D:7      | Found a shimmering altar of Xom.
  7282 | D:7      | Reached XP level 9. HP: 74/74 MP: 8/8
  7338 | D:7      | Reached skill level 1 in Dodging
  7400 | D:7      | Noticed a red ugly thing
  7411 | D:7      | Killed a red ugly thing
  7951 | D:7      | Found a bloodstained altar of Trog.
  8050 | D:8      | Identified a scroll of acquirement
  8186 | D:8      | Reached ** piety under Makhleb
  8286 | D:8      | Found an ancient bone altar of Kikubaaqudgha.
  8286 | D:8      | Found a shattered altar of Ashenzari.
  9198 | D:9      | Got a distressingly furry ring mail
  9209 | D:9      | Identified the +2 ring mail of Blue Skies {Str+2 Dex+4} (You found it on level 9 of the Dungeon)
  9240 | D:9      | Reached skill level 9 in Axes
  9242 | D:9      | Found a staircase to the Orcish Mines.
  9279 | D:9      | Found Cuwn's Book Emporium.
  9326 | D:9      | Noticed a troll
  9337 | D:9      | Killed a troll
  9682 | D:9      | Found Rublued's Armour Shoppe.
  9729 | D:9      | Reached XP level 10. HP: 49/81 MP: 9/9
  9854 | D:9      | Found Xippur's Distillery.
  9889 | D:9      | Found Asipneck's Assorted Antiques.
  9897 | D:9      | Bought a potion of heal wounds for 125 gold pieces
  9897 | D:9      | Bought a potion of curing for 75 gold pieces
  9897 | D:9      | Bought a potion of curing for 75 gold pieces
  9980 | D:9      | Reached skill level 10 in Axes
 10113 | D:9      | Found a roughly hewn altar of Beogh.
 10127 | D:9      | Reached *** piety under Makhleb
 10250 | D:10     | Entered Level 10 of the Dungeon
 10431 | D:10     | Found Xiroecse's Assorted Antiques.
 10441 | D:10     | Bought a potion of heal wounds for 140 gold pieces
 10441 | D:10     | Bought a diamond ring for 140 gold pieces
 10574 | D:10     | Reached skill level 11 in Axes
 10621 | D:10     | Noticed a two-headed ogre
 10638 | D:10     | Killed a two-headed ogre
 10643 | D:10     | Reached skill level 12 in Axes
 11020 | D:10     | Got a scintillating golden ring
 11135 | D:10     | Identified the ring of Uskayaw's Pride {rElec Slay+1} (You found it on level 10 of the Dungeon)
 11187 | D:11     | Reached skill level 13 in Axes
 11280 | D:11     | Found a staircase to the Lair.
 11394 | D:11     | Noticed Psyche
 11399 | D:11     | Killed Psyche
 11399 | D:11     | Reached **** piety under Makhleb
 11399 | D:11     | Reached skill level 14 in Axes
 11399 | D:11     | Reached XP level 11. HP: 84/86 MP: 10/10
 11443 | D:11     | Noticed a two-headed ogre
 11449 | D:11     | Killed a two-headed ogre
 11613 | D:11     | Noticed a purple ugly thing
 11623 | D:11     | Noticed Harold
 11623 | D:11     | Killed a purple ugly thing
 11635 | D:11     | Killed Harold
 11640 | D:11     | Reached skill level 15 in Axes
 11855 | D:11     | Noticed a brown ugly thing
 11870 | D:11     | Killed a brown ugly thing
 12129 | D:12     | Reached ***** piety under Makhleb
 12138 | D:12     | Reached skill level 16 in Axes
 12357 | Lair:1   | Entered Level 1 of the Lair of Beasts
 12884 | Lair:1   | Reached XP level 12. HP: 100/100 MP: 11/11
 13197 | Lair:2   | Reached skill level 17 in Axes
 13995 | Lair:2   | Found a staircase to the Swamp.
 14537 | Lair:3   | Reached skill level 18 in Axes
 14664 | Lair:3   | Found a staircase to the Snake Pit.
 14728 | Lair:3   | You fall through a shaft!
 15063 | Lair:4   | Reached skill level 10 in Fighting
 15383 | Lair:5   | Noticed an eight-headed hydra
 15593 | Lair:5   | Killed an eight-headed hydra
 16022 | Lair:5   | Noticed a catoblepas
 16046 | Lair:5   | Killed a catoblepas
 16046 | Lair:5   | Reached XP level 13. HP: 59/114 MP: 12/12
 16575 | Lair:5   | Reached ****** piety under Makhleb
 17171 | Lair:6   | Entered Level 6 of the Lair of Beasts
 17171 | Lair:6   | Found a staircase to the Slime Pits.
 17171 | Lair:6   | Found a viscous altar of Jiyva.
 17295 | Lair:6   | Reached skill level 15 in Shields
 17338 | Lair:6   | Reached skill level 1 in Invocations
 17600 | Lair:6   | Reached skill level 5 in Invocations
 17601 | Lair:6   | Found a large runed door.
 17601 | Lair:6   | Noticed a fire dragon
 17615 | Lair:6   | Found a large runed door.
 17961 | Lair:6   | Killed a fire dragon
 18400 | Lair:6   | Reached XP level 14. HP: 122/122 MP: 18/18
 19203 | D:12     | Reached skill level 1 in Evocations
 19559 | D:10     | Bought a dented blue amulet for 140 gold pieces
 19559 | D:10     | Bought a potion of might for 112 gold pieces
 19559 | D:10     | Bought a gilded ring for 140 gold pieces
 19960 | Orc:1    | Entered Level 1 of the Orcish Mines
 20253 | Orc:2    | Entered Level 2 of the Orcish Mines
 20268 | Orc:2    | Gained mutation: Your body sometimes deteriorates upon taking damage. [a neqoxec]
 20597 | Orc:2    | Paralysed by an orc sorcerer for 6 turns
 20928 | Orc:2    | Found Laemophy's General Store.
 20960 | Orc:2    | Found a staircase to the Elven Halls.
 20965 | Orc:2    | Bought a potion of curing for 39 gold pieces
 20965 | Orc:2    | Bought a scroll of identify for 26 gold pieces
 21031 | Orc:2    | Noticed Josephine
 21046 | Orc:2    | Killed Josephine
 21129 | Orc:2    | Noticed an orc warlord
 21328 | Orc:1    | Killed an orc warlord
 21641 | Orc:2    | Reached skill level 5 in Evocations
 21772 | Orc:2    | Reached skill level 10 in Invocations
 21824 | Orc:2    | Found Qitauff's Antique Weapon Shop.
 21841 | Orc:2    | Bought a glowing broad axe for 238 gold pieces
 21917 | Orc:2    | Found Jovvimo's Antique Armour Shop.
 22103 | Orc:2    | Found Gahyrayl's Jewellery Shop.
 22117 | Orc:2    | Found a roughly hewn altar of Beogh.
 22132 | Orc:2    | Bought an uncursed ring of resist corrosion for 240 gold pieces
 22367 | Swamp:1  | Entered Level 1 of the Swamp
 23473 | Swamp:2  | Reached skill level 5 in Dodging
 23484 | Swamp:2  | Reached XP level 15. HP: 126/130 MP: 21/21
 24073 | Swamp:2  | Found a frozen archway.
 24095 | IceCv    | Entered an ice cave
 24421 | IceCv    | Noticed an Ice Fiend
 25548 | Swamp:3  | Noticed a thorn hunter
 25557 | Swamp:3  | Killed a thorn hunter
 25636 | Swamp:3  | Noticed a thorn hunter
 25640 | Swamp:3  | Noticed a thorn hunter
 26411 | Swamp:2  | Lost intelligence.
 26415 | Swamp:2  | HP: 3/134 [briar patch's spines[a thorn hunter] (5)]
 26417 | Swamp:2  | Killed from afar by a thorn hunter

Skill      XL: |  1  2  3  4  5  6  7  8  9 10 11 12 13 14 15 |
---------------+----------------------------------------------+-----
Axes           | 3 4 5 6 7 8 9 14 16 18 | 18.2
Fighting       | 5 7 10 11 12 | 12.7
Shields        | 5 8 11 12 15 | 15.0
Armour         | 4 8 |  8.3
Dodging        | 4 5 7 |  7.7
Invocations    | 7 10 | 10.5
Evocations     | 7 |  7.0

Action                   |  1- 3 |  4- 6 |  7- 9 | 10-12 | 13-15 || total
-------------------------+-------+-------+-------+-------+-------++-------
Melee: War axe           |    87 |   115 |   215 |       |       ||   417
       Headbutt          |    11 |    16 |    59 |   111 |   249 ||   446
       Broad axe         |       |       |    68 |   520 |   775 ||  1363
       Morningstar       |       |       |       |     5 |     2 ||     7
Throw: Tomahawk          |       |       |       |       |     2 ||     2
Invok: Lesser Servant of |       |       |       |       |     2 ||     2
Evoke: Wand              |       |       |     4 |     4 |    16 ||    24
  Use: Scroll            |     7 |     8 |    13 |     8 |    14 ||    50
       Potion            |     1 |     3 |     8 |     1 |    18 ||    31
 Stab: Distracted        |       |       |       |       |     1 ||     1
  Eat: Ration            |     1 |     1 |     5 |     7 |     9 ||    23
       Chunk             |       |     4 |       |     1 |     4 ||     9
Armor: Scale mail        |    31 |    48 |    65 |       |       ||   144
       Ring mail         |       |       |    15 |   102 |   164 ||   281
Dodge: Dodged            |    30 |    32 |    69 |   181 |   346 ||   658
Block: Shield            |    42 |    55 |   163 |   312 |   633 ||  1205
